[Event "Grand Prix Romania 1st Stage 2024"]
[Site "Bucuresti"]
[Date "2024.03.23"]
[Round "3.21"]
[White "Sachilaru, Alexandru"]
[Black "Parligras, Mircea-Emilian"]
[Result "1-0"]
[ECO "B92"]
[WhiteElo "2203"]
[BlackElo "2543"]
[Annotator "TA"]
[PlyCount "77"]
[EventDate "2024.03.20"]
[EventType "swiss"]
[EventCountry "ROU"]
[SourceTitle "playchess.com"]
[Source "ChessBase"]
[SourceQuality "1"]
[TimeControl "900+5"]

1. e4 c5 2. Nf3 d6 3. d4 cxd4 4. Nxd4 Nf6 5. Nc3 a6 6. Be2 e5 7. Nb3 Be7 8. g4 h6 $1 9. g5 hxg5 10. Bxg5 Be6 (10... Nxe4 {mit weiteren Verwicklungen.} 11. Nxe4 Bxg5 12. Qxd6 Nc6) 11. Qd2 {[%emt 0:00:47] Schwarz steht etwas besser.} Nbd7 12. O-O-O b5 {[%emt 0:00:04] Weiss sollte ...b4 verhindern.} 13. a3 Rc8 14. h4 $2 (14. Kb1 $11 {und Weiss steht sicher.}) 14... Bxb3 $19 15. Bxf6 (15. cxb3 Nxe4 16. Qd5 Nxf2 $19 (16... Bxg5+ $2 17. hxg5 Qxg5+ 18. Kb1 $19)) 15... Nxf6 16. cxb3 Nxe4 17. Qe3 Nxc3 (17... Rxh4 18. Rxh4 Bxh4 19. Qxe4 $18) 18. bxc3 Rxh4 (18... Bxh4 19. c4 $17) (18... d5 $19 {...Qa5 ist eine echte Drohung.} 19. Bg4 (19. Qxe5 $2 O-O $19) 19... Rc5 (19... Bxa3+ 20. Kb1 $14)) 19. Kb2 Rf4 (19... Qc7 $17 20. Rxh4 Bxh4) 20. Rh3 ({Günstiger ist} 20. Rh8+ $15 Bf8 21. Bf3) 20... Qc7 21. Rg3 (21. Rh8+ $17 Bf8 22. Rd2) 21... Bf6 22. Bg4 Rb8 23. Re1 (23. Bf3 {ist wohl besser.}) 23... Kf8 24. Bf3 a5 25. Rh1 g6 {[%emt 0:00:34] Droht stark ...b4.} 26. Bd5 b4 27. axb4 (27. Rc1) 27... axb4 28. c4 Qa5 {[%emt 0:00:24] ...e4+ wäre nun fies.} 29. Rh7 e4+ 30. Kc2 Qa2+ $2 (30... Rxf2+ 31. Qxf2 Qa2+ 32. Kd1 Qxf2 33. Rxf7+ Ke8 34. Rxg6 Qf3+ 35. Kc2 Qd3+ 36. Kc1 Qc3+ 37. Kd1 Qxb3+ 38. Kd2 e3+ 39. Ke1 Qb1+ 40. Ke2 Qxg6) 31. Kd1 Qb1+ (31... Qxf2 $2 32. Qxf2 Rxf2 33. Rxf7+ Ke8 34. Rxg6 Rf1+ 35. Ke2 $18) 32. Ke2 $2 (32. Qc1 $19 Qxc1+ 33. Kxc1) 32... Qc2+ $4 (32... Bc3 $1 33. Rxf7+ Rxf7 34. Qh6+ Ke7 (34... Bg7 $2 35. Qh2 $19) 35. Rxc3 bxc3 36. Qh4+ Kd7 37. Be6+ Kxe6 38. Qg4+ Ke7 39. Qh4+ Kd7 40. Qh3+ Kc6 41. Qxc3 Rxb3 42. Qxb3 Qxb3 43. Kf1 Qd1+ (43... Qxc4+ 44. Kg1 Qc1+ 45. Kg2 Qd2 46. Kh1 Rxf2 47. Kg1 Qe1#) 44. Kg2 Qf3+ 45. Kg1 Qxf2+ 46. Kh1 Rh7#) 33. Kf1 $18 Be5 {[%emt 0:00:18] [#]} 34. Rh8+ $40 {[%emt 0:00:13][%mdl 128] Schwarz muss sich nun genau verteidigen.} ({Vergiftet wäre} 34. Qxf4 $2 Bxf4 35. Rxf7+ Ke8 36. Rxf4 Qc1+ 37. Kg2 Qxf4 $19) ({Weiss kommt nicht vorbei an} 34. Qa7 $1 $18 Rxf2+ 35. Qxf2 Qxf2+ 36. Kxf2) 34... Bxh8 $2 (34... Kg7 $1 $11 35. Rxb8 Qd1+ 36. Kg2 Rh4 37. Rxg6+ (37. Rh3 Rg4+ 38. Rg3 Bf4 $15) 37... fxg6 38. Rg8+ Kh7 39. Qa7+ Kh6 40. Rxg6+ Kxg6 41. Qf7+ Kh6 42. Qe6+ Kg5 43. Qg8+ Kf5 44. Qc8+ Kg5 45. Qg8+ Kh6 46. Qe6+ Kg5 47. Qg8+) 35. Qxf4 f5 (35... Rb7 $18 36. Bxb7 Be5 37. Qh6+ (37. Qxe4 Qc1+ 38. Qe1 Qxe1+ 39. Kxe1 Bxg3 $18) 37... Ke8 38. Bc6+ Ke7 39. Qh4+ Bf6 40. Qxe4+ Qxe4 41. Bxe4 Kf8) 36. Qxd6+ {[%emt 0:00:02] Weiß setzt Matt.} Ke8 37. Qxb8+ Ke7 38. Qc7+ Kf6 39. Qd6+ {[%emt 0:00:03] Weiß hat das Spiel gedreht.   Gewichteter Fehlerwert: Weiß=1.04/Schwarz=0.61.  Verlustzug:     	---       	Schwarz=1     Gewinn verpasst:   	Weiß=1     	Schwarz=1     Fehler:       	Weiß=6     	Schwarz=3     OK:         	Weiß=8     	Schwarz=6     Bester:       	Weiß=1     	Schwarz=3} 1-0

[Event "Grand Prix Romania 1st Stage 2024"]
[Site "Bucuresti"]
[Date "2024.03.23"]
[Round "3.22"]
[White "Zajic, Milan"]
[Black "Ciocani, Iosif"]
[Result "1-0"]
[ECO "B48"]
[WhiteElo "2436"]
[BlackElo "2177"]
[Annotator "TA"]
[PlyCount "77"]
[EventDate "2024.03.20"]
[EventType "swiss"]
[EventCountry "ROU"]
[SourceTitle "playchess.com"]
[Source "ChessBase"]
[SourceQuality "1"]
[TimeControl "900+5"]

1. e4 c5 2. Nf3 e6 3. d4 cxd4 4. Nxd4 Nc6 5. Nc3 Qc7 6. Be3 a6 7. Qd2 Nf6 8. f4 Bb4 {[%emt 0:01:53] Zielt auf ...Nxe4 ab.} 9. Bd3 d5 10. e5 {[%emt 0:00:08] Weiß steht etwas besser.} Nd7 11. O-O O-O 12. Rf3 Nxd4 13. Bxd4 {[%emt 0:00:02][%cal Oc3d5] Schwarz muss nun Nxd5! beachten.} Nc5 $2 {[%emt 0:01:15] [#]} (13... Bc5 $14 14. Ne2 f6) 14. Nxd5 $1 exd5 $16 15. Qxb4 Nxd3 16. cxd3 {[%emt 0:11:55] f5 ist eine echte Drohung.} (16. Rxd3 Qxc2 17. Rd2 Qc6 $14) 16... Bf5 17. Qd2 Rac8 18. Rf2 (18. h3 $18 {ist der präzise Gewinnweg.}) 18... Qc6 (18... h5 $16) 19. Re1 (19. g4 $1 $18 Bxg4 20. f5) 19... Qb5 20. Rf3 (20. g4 $16 Bxd3 21. f5) 20... Qa4 21. Qe3 h5 22. Rg3 Rfe8 (22... Rc6 $1 $14) 23. Rg5 (23. e6 $1 $18 Rxe6 24. Rxg7+ Kf8 25. Be5) 23... g6 24. h3 {[%emt 0:00:00] Droht g4 und aus.} h4 {[%emt 0:00:11] [#]} 25. Bc3 ({Vorzuziehen ist} 25. Rg4 $1 $16 Bxg4 (25... Qxa2 $2 26. Rxh4 Qa5 27. e6 $18) 26. hxg4) 25... f6 $14 26. Rxf5 gxf5 27. Qf2 (27. d4 $14) 27... d4 $1 $11 28. Bxd4 (28. b3 $11 Qb5 29. Bxd4 (29. Qxd4 $2 Red8 $17)) 28... Rc2 $17 (28... Qxa2 $2 29. Qxh4 Qd5 30. Bc3 $18) 29. Qe3 {[%emt 0:00:02] [#]} Qc6 30. Re2 Rxe2 31. Qxe2 $19 {[%emt 0:00:12][%mdl 4096] Endspiel. KQR-KQB} Qd5 $2 (31... Qc1+ $17 32. Qf1 Qxf1+ 33. Kxf1 fxe5 34. Bxe5 Kf7) 32. Qf2 ({Besser ist} 32. Bc3 $14 Re7 33. Kh2) 32... fxe5 (32... Rd8 $11 33. Bc3 Qxd3) 33. Bxe5 $16 Qxd3 34. Qxh4 {[%emt 0:00:07] Droht Matt per Qh8+.} Qd7 $2 (34... Re6 $16 35. Kh2 Kf8 36. Qh8+ Ke7) 35. Qh8+ (35. Qg5+ $142 Kf8 36. Qf6+ Kg8 37. Qg6+ Kf8 38. Bd6+ Re7 39. Kh2 (39. Bxe7+ Qxe7 40. Qxf5+ Ke8 $18)) 35... Kf7 $18 36. Qf6+ Kg8 37. Qg6+ {[%emt 0:00:01] Weiß steht klar auf Gewinn.} Kf8 38. Bd6+ Re7 39. Qf6+ {[%emt 0:00:01] Weiß hat das Spiel gedreht.   Gewichteter Fehlerwert: Weiß=0.44/Schwarz=0.54.  Verlustzug:     	---       	Schwarz=3     Fehler:       	Weiß=10    	Schwarz=3     Ungenau:       	---       	Schwarz=5     OK:         	Weiß=9     	Schwarz=8     Bester:       	Weiß=2     	Schwarz=2     Stark:        	---       	Schwarz=1} 1-0

[Event "Grand Prix Romania 1st Stage 2024"]
[Site "Bucuresti"]
[Date "2024.03.23"]
[Round "3.23"]
[White "Cosma, Elena-Luminita"]
[Black "Grigore, George-Gabriel"]
[Result "1/2-1/2"]
[ECO "A49"]
[WhiteElo "2238"]
[BlackElo "2423"]
[Annotator "TA"]
[PlyCount "97"]
[EventDate "2024.03.20"]
[EventType "swiss"]
[EventCountry "ROU"]
[SourceTitle "playchess.com"]
[Source "ChessBase"]
[SourceQuality "1"]
[TimeControl "900+5"]

1. d4 Nf6 2. Nf3 g6 3. g3 Bg7 4. Bg2 d6 5. O-O O-O 6. b3 e5 7. dxe5 dxe5 8. Ba3 Qxd1 9. Rxd1 Re8 10. Nc3 e4 {[%emt 0:02:19] The position is equal.} 11. Nd4 a6 12. e3 b6 13. h3 Bb7 14. g4 h6 15. Nde2 Nbd7 16. Rab1 Nf8 17. Ng3 N8h7 18. Bb2 Re6 19. Nce2 Rae8 20. c4 Ng5 21. Nf4 R6e7 22. Bxf6 Bxf6 23. Nd5 Bxd5 24. Rxd5 Re6 25. Rbd1 c6 ({Black should play} 25... Be7 $14) 26. Rd7 b5 27. Rb7 bxc4 28. bxc4 a5 29. Rdd7 {[%emt 0:00:17] White is more active.} R6e7 30. Rxe7 Rxe7 31. Rxe7 Bxe7 32. Nxe4 Nxe4 {[%emt 0:00:03] White is slightly better.} 33. Bxe4 $16 {[%emt 0:00:02][%mdl 4096] Endgame. KB-KB} c5 34. a4 Bh4 35. Bd5 Kf8 36. f4 Ke7 37. Kg2 g5 38. Kf3 Be1 39. e4 Bd2 40. fxg5 hxg5 41. e5 f6 42. Ke4 fxe5 43. Kxe5 Be1 44. Be4 Bd2 45. Bf5 Be1 46. Kd5 Bb4 47. Kc6 Kf6 48. Kd6 $1 Ba3 49. Be4 {[%emt 0:02:07] Weighted Error Value: White=0.05 (flawless) /Black=0.07 (flawless) .  Mistake:       	---       	Black=1      Inaccurate:     	White=2     	Black=4      OK:         	White=13    	Black=19     Best:        	White=1     	Black=2      Strong:       	White=1     	---} 1/2-1/2

[Event "Grand Prix Romania 1st Stage 2024"]
[Site "Bucuresti"]
[Date "2024.03.23"]
[Round "3.24"]
[White "Tudor, Henry Edward"]
[Black "Mikhalevski, Victor"]
[Result "0-1"]
[ECO "D85"]
[WhiteElo "2262"]
[BlackElo "2514"]
[Annotator "TA"]
[PlyCount "160"]
[EventDate "2024.03.20"]
[EventType "swiss"]
[EventCountry "ROU"]
[SourceTitle "playchess.com"]
[Source "ChessBase"]
[SourceQuality "1"]
[TimeControl "900+5"]

1. d4 Nf6 2. c4 g6 3. Nc3 d5 4. cxd5 Nxd5 5. e4 Nxc3 6. bxc3 Bg7 7. Qa4+ Qd7 8. Qa3 b6 9. Nf3 Bb7 {[%emt 0:00:15] Die Stellung ist ausgeglichen.} 10. Bd3 c5 11. Bb2 O-O 12. O-O Rc8 13. Rad1 e6 14. Ba1 c4 15. Bc2 Nc6 16. Qc1 b5 17. h4 a5 {[%emt 0:00:19] [#]} 18. h5 $1 Qe7 19. Rfe1 e5 20. d5 Nb8 21. Qb1 Qc5 22. Bb2 Nd7 23. Bc1 b4 24. Be3 Qd6 25. h6 Bf8 26. Ba4 f6 27. Qc1 Nc5 28. Bc2 (28. Bxc5 $11 Rxc5 29. Qe3) 28... Rab8 29. Qd2 Ba6 30. Rb1 Nd3 {[%emt 0:00:25] Es drohte Rec1} 31. Red1 Qd7 32. Ne1 bxc3 $1 33. Qe2 Nf4 $2 {[%emt 0:00:51] Schwarz steht deutlich aktiver.} ({Günstiger ist} 33... Nb2 $17 34. Rdc1 Ba3) 34. Bxf4 $11 exf4 35. Qf3 Bxh6 36. Qxc3 Rxb1 (36... Qd6 $11) 37. Rxb1 $16 Qd8 (37... Qd6 $16) 38. Ba4 $2 ({Weiss braucht} 38. Qh3 $1 $18 Kg7 39. Qe6) 38... Bf8 $11 39. a3 {[%emt 0:00:12] Wehrt Bb4 ab} Bd6 40. Nf3 {[%emt 0:00:00] Wehrt Be5 ab} g5 41. Nh2 Be5 42. Qc2 (42. Qh3 $5 Ra8 $8 43. Nf3 $16) 42... Qd6 43. Nf3 c3 44. Nxe5 fxe5 45. Bc6 Qxa3 46. Rb3 Qa1+ 47. Rb1 Qa3 48. Rb3 Qc5 49. Rxc3 Qd4 {[%emt 0:00:01] [#]} (49... Qb4 $1 $11) 50. d6 $1 $18 {[%emt 0:00:08][%cal Bd5d6,Bd6d7][%mdl 1568] Weiss droht Bd5+ und Matt. Weiss hat starke Kompensation.} Kg7 51. d7 Rd8 52. Rc5 Bd3 $2 (52... g4 $11) 53. Qc3 $2 (53. Qc1 $1 $18) 53... Qxc3 $11 54. Rxc3 {[%emt 0:00:00][%mdl 4096] Endspiel. KRB-KRB} Be2 55. Rc5 (55. f3 $5 Bd1 $8 56. Bb5 $11 (56. Rc5 Kf6 $16)) 55... Kf6 56. Rxa5 Bg4 57. Ra6 Ke7 58. Ra5 Kd6 59. Ra6 ({Besser ist} 59. Ba4 $11) 59... Kc5 $1 $15 (59... Bxd7 60. Bxd7+ Kxd7 61. Rh6 $11) 60. Ba4 Bxd7 61. Bxd7 (61. Ra5+ $17 Kb4 62. Rxe5 Kxa4 (62... Bxa4 $2 63. Rxg5 Rf8 64. Rg7 $17) 63. Rd5) 61... Rxd7 $17 {[%emt 0:00:03] KR-KR} 62. Re6 $2 {[%emt 0:00:04] [#]} (62. f3) 62... Kd4 $1 $19 63. f3 g4 64. Kh2 $2 (64. fxg4 $19 Rg7 (64... Kxe4 65. Kf2 $17) 65. Kf2) 64... gxf3 65. gxf3 {[%emt 0:00:00] [#]} Rg7 $1 66. Re8 Rg5 67. Ra8 Ke3 68. Ra3+ Kf2 69. Kh3 Rg3+ 70. Kh4 Rxf3 71. Ra2+ Ke3 72. Kg4 Rf2 (72... Kxe4 73. Ra4+ Ke3 74. Ra3+ Ke4 75. Ra4+ (75. Rxf3 h5+ 76. Kxh5 Kxf3 77. Kg6 e4 78. Kg7 e3 79. Kf8 e2 80. Ke8 e1=Q+ 81. Kd7 Ke4 82. Ke6 f3 83. Ke7 f2 84. Kf6 Kd5 85. Kg5 f1=Q 86. Kh5 Qg3 87. Kh6 Qfh3#) 75... Ke3 76. Ra3+ Ke2 77. Ra2+ Ke3 78. Ra3+ $11) (72... Rf1 $142 73. Ra3+ Kxe4 74. Ra4+ Ke3) 73. Ra4 Rc2 74. Kf5 Rc5 (74... Ke2 $142 75. Ra1 f3 76. Rh1 f2 77. Rh2 Ke1 78. Ke6 Re2 (78... f1=R 79. Rxc2 Rf2 80. Rc3 $14) 79. Rxh7 f1=Q (79... f1=R $2 80. Kxe5 Kd2 81. Rd7+ Ke3 82. Ra7 $19) (79... Rxe4 $2 80. Rb7 $19) 80. Rh8 Rxe4 81. Ke7 Rg4 82. Ra8 Rg7+ 83. Kd6 Qd3+ (83... Qf6+ {ist ein Selbstmatt.} 84. Kc5 Rc7+ 85. Kd5 Qc6+ 86. Kxe5 Re7+ 87. Kf5 Qe6+ 88. Kg5 Rg7+ 89. Kf4 Rg4+ 90. Kf3 Qe4#) 84. Ke6 Rg6+ 85. Kf7 Qf5+ 86. Ke7 Qe6+ (86... Qf6+ 87. Ke8 Rg8+ 88. Kd7 Rg7+ 89. Ke8 Qe7#) 87. Kd8 Rg8+ (87... Qd5+ {führt zum Matt.} 88. Ke7 Qxa8 89. Kf7 Qg8+ 90. Ke7 Qh7+ 91. Kf8 Rg8#) 88. Kc7 Rg7+ 89. Kd8 Qg8#) 75. Ra3+ Kf2 {[%emt 0:00:03] ( -> ...f3)} 76. Rh3 Kg2 {[%emt 0:00:07] Schwarz setzt Matt.} 77. Rxh7 f3 78. Rg7+ Kf1 79. Kg4 f2 80. Kg3 Ke2 {[%emt 0:00:04] Eine wilde Partie.   Gewichteter Fehlerwert: Weiß=0.31/Schwarz=0.26 (präzise) .  Verlustzug:     	---       	Schwarz=2     Gewinn verpasst:   	Weiß=2     	---        Fehler:       	Weiß=5     	Schwarz=3     Ungenau:       	Weiß=7     	Schwarz=2     OK:         	Weiß=24    	Schwarz=22    Bester:       	Weiß=3     	Schwarz=4     Stark:        	---       	Schwarz=3     Brilliant:      	Weiß=1     	---} 0-1

[Event "Grand Prix Romania 1st Stage 2024"]
[Site "Bucuresti"]
[Date "2024.03.23"]
[Round "3.25"]
[White "Castellanos Rodriguez, Renier"]
[Black "Baranciuc, Alexandr"]
[Result "0-1"]
[ECO "A07"]
[WhiteElo "2469"]
[BlackElo "2336"]
[Annotator "TA"]
[PlyCount "102"]
[EventDate "2024.03.20"]
[EventType "swiss"]
[EventCountry "ROU"]
[SourceTitle "playchess.com"]
[Source "ChessBase"]
[SourceQuality "1"]
[TimeControl "900+5"]

1. Nf3 d5 2. g3 Bf5 3. Bg2 c6 4. O-O e6 5. d3 h6 6. c4 {[%emt 0:01:08] A07: Réti Opening: New York and Capablanca Systems.} dxc4 7. d4 Nf6 8. Nbd2 Nbd7 9. Nxc4 Be7 10. Qb3 $146 ({Predecessor:} 10. Bf4 Nb6 11. Na5 Qc8 12. Nd2 O-O 13. e4 Bg6 14. Qe2 Rd8 15. Ndb3 Rd7 16. Rac1 {1-0 Chu,W (2431)-Li,J (1819) CHN-chT Nanjing 2023 (5.3)}) 10... Nb6 11. Na5 Qc8 12. Ne5 Be4 13. f3 Bh7 $1 (13... Bd5 $2 14. Qc2 $18) 14. e4 O-O ({Black should play} 14... Nfd7 $1 $14) 15. Be3 $16 Nfd7 16. Nd3 Qc7 17. Rfd1 Rad8 18. Bf4 Qc8 19. Rac1 Bf6 (19... Rfe8 $16 20. Kh1 g5) 20. Be3 (20. Nc5 $1 $18 {[%cal Rc5b7] and White stays clearly on top.} Nxc5 21. dxc5) 20... Rfe8 $2 (20... Qc7 $16 {keeps fighting.} 21. Qa3 Nc8) 21. Nc5 $1 $18 Nxc5 22. dxc5 (22. Rxc5 Rd7 $14) 22... Rxd1+ 23. Rxd1 Na8 (23... Nd7 $142 24. Qxb7 (24. Nxb7 Qc7 $18) 24... Nb8) 24. Nxb7 Qc7 25. Bf4 e5 26. Bh3 $1 exf4 27. Rd7 Qe5 28. Qxf7+ $2 (28. Nd6 $1 $18 Bg6 (28... Qxc5+ 29. Kg2 $18) 29. Nxe8 (29. Nxf7 $2 Qxc5+ 30. Kg2 Kh7 $19) 29... Qxe8 30. gxf4 (30. Rxa7 Kh7 $11)) 28... Kh8 $11 29. gxf4 Qb8 $2 (29... Qxf4 $11 {and Black is okay.} 30. Qxe8+ Bg8) 30. Nd6 $1 $18 Rf8 31. Rb7 $1 Qd8 {[%emt 0:00:28] [#]} 32. e5 $2 (32. Be6 $1 $18) 32... Bxe5 $1 $11 33. fxe5 $2 (33. Rd7 $11 {and White has nothing to worry.} Bd4+ 34. Kh1) 33... Qg5+ $19 34. Bg4 Qe3+ (34... Rxf7 $2 {loses.} 35. Nxf7+ Kg8 36. Nxg5 $18) 35. Kg2 {[%emt 0:00:05] [#]} Qe2+ $1 36. Kh3 $2 (36. Kg3 Rxf7 37. Nxf7+ Kg8 38. Be6) 36... Qf1+ $2 ({Black should try} 36... Rxf7 $19 37. Nxf7+ Kg8) 37. Kh4 $2 (37. Kg3 $15 Qg1+ (37... Rxf7 $2 38. Nxf7+ Kg8 39. Be6 $17) 38. Kh3 Qf1+ (38... Rxf7 39. Nxf7+ Kg8 40. Be6 $17) 39. Kg3 Rxf7 40. Nxf7+ Kg8 41. Be6) 37... Qf2+ $19 38. Kh3 Qf1+ 39. Kh4 $1 Qf2+ 40. Kh3 Rxf7 41. Rb8+ Bg8 42. Nxf7+ Kh7 43. Rb7 Qf1+ 44. Kh4 Qe1+ 45. Kh3 Qf1+ 46. Kh4 $1 Bxf7 47. Rxf7 Qe1+ 48. Kh5 Qxe5+ 49. Bf5+ Kg8 50. Kg6 Nc7 51. f4 Qe8 0-1

[Event "Grand Prix Romania 1st Stage 2024"]
[Site "Bucuresti"]
[Date "2024.03.23"]
[Round "3.26"]
[White "Girmacea, Bogdan"]
[Black "Rozen, Eytan"]
[Result "0-1"]
[ECO "D02"]
[WhiteElo "2076"]
[BlackElo "2487"]
[Annotator "TA"]
[PlyCount "58"]
[EventDate "2024.03.20"]
[EventType "swiss"]
[EventCountry "ROU"]
[SourceTitle "playchess.com"]
[Source "ChessBase"]
[SourceQuality "1"]
[TimeControl "900+5"]

1. d4 Nf6 2. Nf3 g6 3. Nbd2 d5 4. e3 Bg7 5. b4 a5 6. b5 c5 7. bxc6 Nxc6 8. a4 {[%emt 0:00:57] The position is equal.} O-O 9. Ba3 Re8 10. Bb5 Ne4 11. Nxe4 dxe4 12. Nd2 e5 13. c3 (13. Nxe4 $2 exd4 14. Nd6 Re6 15. Nxc8 Rxc8 $19 (15... Qxc8 $2 16. Bb2 $19)) 13... exd4 14. cxd4 Qg5 $1 15. g3 (15. Kf1 $11) 15... Bg4 {[%emt 0:00:18] Black has more active pieces.} (15... Bh3 $15 16. Rc1 Bxd4 17. Bxc6 (17. exd4 $2 e3 $19) 17... bxc6 18. exd4 e3) 16. Be2 $2 (16. h4 $1 $11 Qf5 17. Qb1) 16... Bxe2 $1 $19 17. Qxe2 {[%emt 0:00:04] [#]} Bxd4 $1 18. Rb1 $17 (18. exd4 $2 {too greedy.} e3 19. O-O-O (19. fxe3 $2 Rxe3 20. Bc5 Rae8 $19) 19... Rac8 $19 (19... exd2+ 20. Qxd2 Qd5 21. Kb2 $19)) 18... Bc3 19. O-O Bxd2 20. Qxd2 Ne5 {[%emt 0:00:02] Strongly threatening ...Nf3+.} (20... Rad8 {simplifies} 21. Qc2 Rc8 22. Rxb7 Qf5) 21. Kg2 {[%emt 0:00:36][%cal Oa3b2] [#]} Nf3 (21... Red8 $1 $17 22. Qc3 Rdc8) 22. Qa2 $15 Qh5 23. h3 Rab8 24. Rb5 Re5 $40 {[%emt 0:01:00][%cal Be8e5,Be5b5,Bb5d5,Bd5d1][%mdl 160] Black has some attack. Dancing on a razor blade.} 25. Bd6 (25. Rfb1 $11) 25... Rxb5 $17 26. Bxb8 Qd5 ({Black should play} 26... Rc5 $15 27. g4 Qg5) 27. Qxd5 (27. Qa1 $1 $11 Rb3 28. Rc1) 27... Rxd5 $15 28. Rb1 h5 29. Rxb7 (29. h4 $15) 29... Rd1 {[%emt 0:00:18] Weighted Error Value: White=0.28 (precise) /Black=0.24 (precise) .  Loses game:     	White=1     	---        Mistake:       	White=4     	Black=4      Inaccurate:     	White=1     	Black=4      OK:         	White=8     	Black=6      Best:        	White=1     	Black=4      Strong:       	---       	Black=1} 0-1

[Event "Grand Prix Romania 1st Stage 2024"]
[Site "Bucuresti"]
[Date "2024.03.23"]
[Round "3.27"]
[White "Istratescu, Andrei"]
[Black "Onut, Simeon"]
[Result "1-0"]
[ECO "A35"]
[WhiteElo "2374"]
[BlackElo "1983"]
[Annotator "RC"]
[PlyCount "89"]
[EventDate "2024.03.20"]
[EventType "swiss"]
[EventCountry "ROU"]
[SourceTitle "playchess.com"]
[Source "ChessBase"]
[SourceQuality "1"]
[TimeControl "900+5"]

1. c4 c5 2. Nc3 Nc6 3. Nf3 g6 4. e3 e6 5. d4 cxd4 6. exd4 d5 7. cxd5 exd5 8. Bb5 Bg7 9. Bxc6+ bxc6 10. O-O Ne7 11. h3 O-O 12. Re1 Nf5 13. Bf4 Ba6 14. Be5 Qb6 15. Bxg7 Kxg7 16. Na4 Qd8 17. Nc5 Bc8 18. Rc1 Rb8 19. b3 Re8 20. Rxe8 Qxe8 21. Qd2 Qd8 22. Qf4 Rb6 23. Re1 Nd6 24. Qe5+ Qf6 25. Qe7 Nb7 26. Na4 Rb5 27. Qxf6+ Kxf6 28. Rc1 Nd8 29. Ne5 Bb7 30. Nc5 Ba8 31. Re1 Ne6 32. Ned7+ Ke7 33. Nxe6 Kxd7 34. Nf8+ Kd8 35. Nxh7 Rb4 36. Ng5 Rxd4 37. Nxf7+ Kc7 38. Ne5 g5 39. Nf3 Rd3 40. Nxg5 Rd2 41. h4 c5 42. h5 Rxa2 43. h6 Ra6 44. h7 Rh6 45. Re8 1-0

[Event "Grand Prix Romania 1st Stage 2024"]
[Site "Bucuresti"]
[Date "2024.03.23"]
[Round "3.28"]
[White "Craciun, Sasha-Matei"]
[Black "Tilicheev, Viacheslav"]
[Result "0-1"]
[ECO "B33"]
[WhiteElo "2169"]
[BlackElo "2485"]
[Annotator "TA"]
[PlyCount "60"]
[EventDate "2024.03.20"]
[EventType "swiss"]
[EventCountry "ROU"]
[SourceTitle "playchess.com"]
[Source "ChessBase"]
[SourceQuality "1"]
[TimeControl "900+5"]

1. e4 c5 2. Nf3 Nc6 3. d4 cxd4 4. Nxd4 Nf6 5. Nc3 h5 6. h3 e5 7. Ndb5 {[%emt 0:00:04] Threatens to win with Bg5.} d6 8. Nd5 {[%emt 0:00:22] White is slightly better.} Nxd5 9. exd5 Ne7 10. c4 {[%emt 0:00:01] [#] Qa4 is the strong threat.} Ng6 11. Bd3 a6 12. Bxg6 (12. Nc3 $14) 12... axb5 $11 13. Bxh5 bxc4 14. Be2 b5 15. Be3 Bd7 16. Qd2 Qh4 17. Bf3 (17. g3 $15 Qe4 18. f3) 17... Be7 $17 18. g3 Qf6 19. Bg2 Bd8 {[%emt 0:00:02] Black is more active.} (19... Qg6 $142 20. a3 Bf5) 20. Qc1 (20. Qc2 $17) 20... Qg6 21. h4 Rxh4 22. O-O (22. Rxh4 Bxh4 23. Kf1) 22... Rh8 $19 23. a4 (23. Qd2 $142) 23... Qh5 24. Re1 Bg4 (24... Qh2+ $142 25. Kf1 Bh3 (25... Rxa4 $2 26. Rxa4 Bh3 27. Bxh3 $19) (25... bxa4 $2 26. Bf3 $19) 26. Bxh3 Qxh3+ (26... Rxh3 27. axb5 Rxa1 28. Qxa1 $15) 27. Ke2 Qg4+ (27... bxa4 28. Qxc4 Qd7 29. Rh1 $11) 28. f3 Rh2+ (28... Qxg3 $2 29. Rh1 $19) 29. Bf2 Qd4 (29... Qxg3 $2 30. Qe3 $19)) 25. f4 Bf3 {[%emt 0:00:11] ( -> ...Qh2+)} (25... Rxa4 $2 26. Kf2 Rxa1 27. Qxa1 $19) 26. Kf2 {[%emt 0:00:44] [#]} (26. Qc2 $19 Qh2+ 27. Kf1) 26... Bxg2 {[%emt 0:00:04] Black mates.} 27. Kxg2 e4 ({Not} 27... bxa4 28. Qxc4 Qh3+ 29. Kf3 Qh5+ 30. Kg2 Qh3+ 31. Kf3 Qh5+ 32. Kg2 $11) 28. Qd1 Qh2+ 29. Kf1 Qxg3 30. Bf2 Qh3+ {[%emt 0:00:15] Weighted Error Value: White=0.91/Black=0.46.  Mistake:       	White=5     	Black=1      Inaccurate:     	White=3     	---        OK:         	White=5     	Black=12} (30... Rh1+ $142 31. Ke2 Rh2 (31... Qxf4 $2 32. Rxh1 Qf3+ 33. Ke1 $19) (31... Qf3+ $2 32. Kd2 $19) 32. Kd2 Qxf2+ 33. Re2 Ba5+ (33... Qxf4+ $2 34. Kc2 $19) 34. Kc1 Qxe2 35. Qxe2 Rxe2 36. Ra3 Re1+ 37. Kc2 b4 (37... Re2+ $2 38. Kd1 $19) 38. Rh3 b3+ 39. Rxb3 Re2+ (39... cxb3+ {is a self mate.} 40. Kxb3 Rb8+ 41. Kc2 Re2+ 42. Kc1 Rbxb2 43. f5 Bc3 44. Kd1 Re1#) 40. Kd1 Rd2+ (40... Re1+ {leads to mate.} 41. Kc2 cxb3+ 42. Kxb3 Re2 43. Ka3 Rb8 44. b4 Rxb4 45. f5 Rc4 46. Kb3 Rc3#) 41. Ke1 cxb3 42. Kf1 Rc8 43. Kg1 Rc1#) 0-1